 Dungeon Crawl Stone Soup version 0.23.0 (webtiles) character file.

Game seed: 17197084369586036216

2578 Azzok the Archer (level 9, -2/85 HPs)
             Began as a Centaur Berserker on Feb 12, 2019.
             Was a Priest of Trog.
             Slain by an ogre
             ... wielding a +0 giant club
              (19 damage)
             ... on level 7 of the Dungeon.
             The game lasted 00:08:14 (7250 turns).

Azzok the Archer (Centaur Berserker)                Turns: 7250, Time: 00:08:15

Health: -2/85      AC:  9    Str: 23    XL:     9   Next: 32%
Magic:  9/9        EV:  5    Int:  6    God:    Trog [***...]
Gold:   151        SH:  2    Dex:  9    Spells: 8/8 levels left

rFire    . . .     SeeInvis .   I - +0 long sword (slice)
rCold    . . .     Gourm    .   u - +0 buckler
rNeg     . . .     Faith    .   f - +0 chain mail
rPois    .         Spirit   .   k - +0 helmet
rElec    .         Reflect  .   (no cloak)
rCorr    .         Harm     .   m - +0 pair of gloves (curse)
MR       +....                  (no barding)
Stlth    ..........             (no amulet)
HPRegen  0.24/turn              s - ring of protection from magic
MPRegen  0.11/turn              (no ring)

@: very quick
A: large, hooves 3, deformed body, speed 2, tough skin 3
a: Berserk, Trog's Hand, Renounce Religion


You were on level 7 of the Dungeon.
You worshipped Trog.
Trog was most pleased with you.
You were not hungry.

You visited 1 branch of the dungeon, and saw 7 of its levels.
You also visited: Ossuary.

You collected 320 gold pieces.
You spent 169 gold pieces at shops.

Inventory:

Hand Weapons
 F - a +0 shortbow
 I - a +0 long sword of slicing (weapon)
Missiles
 j - 83 arrows
Armour
 f - a +0 chain mail (worn)
 k - a +0 helmet (worn)
 m - a cursed +0 pair of gloves (worn)
 u - a +0 buckler (worn)
Jewellery
 s - a ring of protection from magic (left hand)
Wands
 p - a wand of flame (10)
 v - a wand of iceblast (14)
Scrolls
 a - a scroll of immolation {unknown}
 d - 6 scrolls of teleportation {unknown}
 e - 12 scrolls of identify {unknown}
 h - 6 scrolls of remove curse {unknown}
 i - 3 scrolls of fear {unknown}
 l - 5 scrolls of blinking {unknown}
 q - 3 scrolls of enchant armour {unknown}
 x - a scroll of torment {unknown}
 y - 6 scrolls of random uselessness {unknown}
Potions
 b - 2 potions of might {unknown}
 g - 4 potions of flight {unknown}
 n - 4 potions of ambrosia {unknown}
 o - 6 potions of lignification {unknown}
 r - 3 potions of brilliance {unknown}
 t - 5 potions of degeneration {unknown}
 z - 4 potions of berserk rage {unknown}
 A - a potion of mutation {unknown}
 B - a potion of agility {unknown}
 C - a potion of heal wounds {unknown}
 D - 5 potions of curing {unknown}
 E - a potion of haste {unknown}
 G - 2 potions of magic {unknown}
Comestibles
 c - 14 rations


   Skills:
 + Level 10.0 Fighting
 - Level 2.6 Long Blades
 * Level 10.7 Bows
 - Level 1.3 Armour
 - Level 1.3 Dodging


You had 8 spell levels left.
You didn't know any spells.
Your spell library was empty.

Dungeon Overview and Level Annotations

Branches:
Dungeon (7/15)             Temple (0/1) D:5

Altars:
Nemelex Xobeh
Okawaru
Sif Muna
Trog

Shops:
D:6 (   D:7 *


Innate Abilities, Weirdness & Mutations

You have hooves in place of feet.
Armour fits poorly on your strangely shaped body.
You cover ground very quickly.
You have extremely tough skin. (AC +3)


Message History

The ogre is lightly wounded.
The ogre hits you with a +0 giant club!
You hit the ogre. Your kick misses the ogre.
The ogre is moderately wounded.
The ogre hits you with a +0 giant club!
You hit the ogre. You kick the ogre, but do no damage.
The ogre is heavily wounded.
The ogre hits you with a +0 giant club!!
* * * LOW HITPOINT WARNING * * *
Your chain mail prevents you from hitting the ogre.
The ogre is heavily wounded.
The ogre hits you with a +0 giant club!
* * * LOW HITPOINT WARNING * * *
You slash the ogre! Your kick misses the ogre.
The ogre is almost dead.
The ogre hits you but does no damage.
You hit the ogre.
The ogre is almost dead.
The ogre hits you with a +0 giant club!!
You die...

▒·▒····
▒······
▒)·····
▒······
▒······
▒▒▒▒▒▒
▒······
▒·····
▒······
▒····O▒▒▒
▒···▒▒·
╬··∩··@·▒
▒···▒▒·
▒·▒·····▒·▒
▒···╬··
▒·▒·····▒·▒
▒···▒▒▒
▒·▒▒▒▒▒▒▒·▒
▒▒▒·▒ ▒
▒▒▒····▒·▒··▒
▒·▒ ▒
▒······▒···▒▒
▒▒'▒▒▒
▒········▒▒▒
▒·····
▒······▒▒▒
▒<▒▒▒▒
▒······▒
▒·····


You could see an ogre.

Vanquished Creatures
  A two-headed ogre (D:5)
  Grinder (D:6)
  A sky beast (D:5)
  An orc warrior (D:7)
  3 ogres
  2 centaurs
  A big kobold (D:7)
  4 bullfrogs
  A scorpion (D:5)
  2 crimson imps
  A human zombie (Ossuary)
  A bullfrog zombie (D:5)
  A hound (D:5)
  3 orc priests
  5 orc wizards
  A centaur skeleton (D:6)
  An iguana (D:5)
  A worker ant (D:5)
  Terence (D:3)
  2 big kobold zombies (Ossuary)
  4 mummies (Ossuary)
  A howler monkey skeleton (D:7)
  8 adders
  2 shadow imps (D:5)
  An ooze (D:6)
  3 worms
  2 leopard geckos
  26 orcs
  3 giant cockroaches
  2 gnoll zombies (Ossuary)
  4 goblins (D:1)
  7 hobgoblins
  11 jackals
  11 kobolds
  2 quokkas
  8 bats
  8 frilled lizards
  2 kobold zombies (Ossuary)
  An orc zombie (Ossuary)
  7 rats
147 creatures vanquished.

Notes
Turn   | Place    | Note
-------+----------+-------------------------------------------
     0 | D:1      | Azzok the Centaur Berserker began the quest for the Orb.
     0 | D:1      | Reached XP level 1. HP: 19/19 MP: 1/1
   157 | D:1      | Reached XP level 2. HP: 18/26 MP: 2/2
   723 | D:2      | Reached XP level 3. HP: 34/34 MP: 3/3
  1093 | D:2      | Reached ** piety under Trog
  1669 | D:3      | Reached skill level 5 in Fighting
  1669 | D:3      | Reached XP level 4. HP: 42/42 MP: 4/4
  1714 | D:3      | Noticed Terence
  1721 | D:3      | Killed Terence
  1740 | D:3      | Noticed a bullfrog
  1748 | D:3      | Killed a bullfrog
  1748 | D:3      | Reached XP level 5. HP: 45/50 MP: 5/5
  2583 | D:4      | Noticed an ogre
  2591 | D:4      | Killed an ogre
  2591 | D:4      | Reached XP level 6. HP: 24/60 MP: 6/6
  3280 | D:4      | Found a deep blue altar of Sif Muna.
  3386 | D:5      | Entered Level 5 of the Dungeon
  3391 | D:5      | Found a sand-covered staircase.
  3401 | Ossuary  | Entered an ossuary
  3591 | Ossuary  | Reached *** piety under Trog
  3830 | D:5      | Reached XP level 7. HP: 44/68 MP: 7/7
  3980 | D:5      | Found a staircase to the Ecumenical Temple.
  4115 | D:5      | Reached skill level 1 in Bows
  4204 | D:5      | Found Ossatocu's Armour Emporium.
  4296 | D:5      | Noticed a two-headed ogre
  4309 | D:5      | Killed a two-headed ogre
  4309 | D:5      | Reached XP level 8. HP: 78/78 MP: 8/8
  5244 | D:6      | Received a gift from Trog
  5326 | D:6      | Noticed Grinder
  5327 | D:6      | Paralysed by Grinder for 7 turns
  5835 | D:6      | Killed Grinder
  5835 | D:6      | Reached XP level 9. HP: 85/85 MP: 9/9
  5843 | D:6      | Found Uxapu's Antique Weapon Shoppe.
  6062 | D:6      | Found a sparkling altar of Nemelex Xobeh.
  6233 | D:6      | Bought a runed long sword for 169 gold pieces
  6297 | D:7      | Found an iron altar of Okawaru.
  6385 | D:7      | Reached skill level 10 in Bows
  6838 | D:7      | Reached **** piety under Trog
  6889 | D:7      | Reached skill level 10 in Fighting
  7128 | D:7      | Found a bloodstained altar of Trog.
  7242 | D:7      | Found Roleruciha's Assorted Antiques.
  7250 | D:7      | Slain by an ogre

Skill      XL: |  1  2  3  4  5  6  7  8  9 |
---------------+----------------------------+-----
Fighting       | 4 5 6 7 8 9 10 | 10.0
Bows           | 6 9 10 | 10.7
Long Blades    | |  2.6
Armour         | |  1.3
Dodging        | |  1.3

Action                   |  1- 3 |  4- 6 |  7- 9 || total
-------------------------+-------+-------+-------++-------
Melee: Falchion          |    99 |   159 |   191 ||   449
       Kick              |    18 |    47 |    64 ||   129
       Long sword        |       |       |    73 ||    73
Invok: Berserk           |     1 |     1 |     3 ||     5
       Trog's Hand       |       |       |     1 ||     1
  Eat: Chunk             |     2 |     6 |    11 ||    19
       Ration            |       |       |     1 ||     1
Armor: Ring mail         |    44 |       |       ||    44
       Animal skin       |     3 |       |       ||     3
       Chain mail        |    34 |    97 |   216 ||   347
Dodge: Dodged            |    59 |    29 |    70 ||   158
Block: Buckler           |       |     8 |    19 ||    27
       Rpst.: Falchion   |    25 |     8 |    15 ||    48
       Long sword        |       |       |     5 ||     5
